 Dungeon Crawl Stone Soup version 0.22.1-1-ga44c0e5 (webtiles) character file.

154 miragecloak the Poker (level 5, 0/42 HPs)
             Began as a Merfolk Monk on Oct 24, 2018.
             Slain by an ogre
             ... wielding a +0 giant club
              (17 damage)
             ... on level 4 of the Dungeon.
             The game lasted 00:03:41 (3710 turns).

miragecloak the Poker (Merfolk Monk)                Turns: 3710, Time: 00:03:41

Health: 0/42       AC:  3    Str: 12    XL:     5   Next: 35%
Magic:  5/5        EV: 14    Int:  9    God:
Gold:   146        SH:  0    Dex: 17    Spells: 4/4 levels left

rFire    . . .     SeeInvis .   r - +2 rapier (venom)
rCold    . . .     Gourm    .   (no shield)
rNeg     . . .     Faith    .   n - +0 leather armour (curse)
rPois    .         Spirit   .   (no helmet)
rElec    .         Reflect  .   (no cloak)
rCorr    .         Harm     .   (no gloves)
MR       .....                  (no boots)
Stlth    ++........             (no amulet)
HPRegen  0.14/turn              (no ring)
MPRegen  0.09/turn              (no ring)

@: no status effects
A: change form in water, swift swim, stealthy swim
a: no special abilities


You were on level 4 of the Dungeon.
You were very hungry.

You visited 1 branch of the dungeon, and saw 4 of its levels.

You collected 146 gold pieces.

Inventory:

Hand Weapons
 a - a +0 spear
 r - a +2 rapier of venom (weapon)
Armour
 n - a cursed +0 leather armour (worn)
 t - a +0 leather armour of fire resistance
Scrolls
 b - a scroll of fear {unknown}
 e - a scroll of enchant armour {unknown}
 f - 3 scrolls of remove curse {unknown}
 g - 2 scrolls of amnesia {unknown}
 h - a scroll of blinking {unknown}
 k - a scroll of teleportation {unknown}
 o - 3 scrolls of identify {unknown}
 u - a scroll of fog {unknown}
 v - a scroll of magic mapping {unknown}
Potions
 d - a potion of flight
 i - a potion of magic {unknown}
 j - 2 potions of curing
 l - a potion of heal wounds {unknown}
 m - 3 potions of lignification {unknown}
 p - a potion of resistance {unknown}
 q - a potion of agility {unknown}
Comestibles
 c - 12 rations


   Skills:
 + Level 3.8 Fighting
 - Level 7.4 Polearms
 + Level 5.0 Dodging
 - Level 2.1 Stealth


You had 4 spell levels left.
You didn't know any spells.
Your spell library was empty.

Dungeon Overview and Level Annotations

Branches:
Dungeon (4/15)
 Temple: D:4-7

Altars:
Fedhas


Message History

You hit the ogre.
The ogre is heavily wounded.
The ogre hits you with a giant club!!
Ouch! That really hurt!
You closely miss the ogre.
The ogre is heavily wounded.
The ogre misses you.
The ogre looks more healthy.
There is a stone staircase leading up here.
You barely miss the ogre.
The ogre is severely wounded.
The ogre misses you.
You are feeling very hungry.
You hit the ogre.
The ogre is severely wounded.
The ogre hits you with a giant club.
You barely miss the ogre.
The ogre is severely wounded.
The ogre hits you with a giant club!
You die...

##..###### #
##.....>#######
#######......#
##.....#
###...#
.#######....#
...........##
..........##
#.......@.#
>.######.O## .
##..## ##.<##
###.## #..##
##..# #. #..#
#..# #..# #..#


You could see an ogre.

Vanquished Creatures
  An orc wizard (D:3)
  3 adders
  6 worms
  A dart slug (D:2)
  2 leopard geckos
  3 orcs (D:3)
  11 bats
  4 giant cockroaches
  5 hobgoblins
  7 jackals (D:1)
  4 quokkas
  4 frilled lizards
  7 goblins
  9 kobolds
  A leopard gecko skeleton (D:4)
  9 rats
77 creatures vanquished.

Notes
Turn   | Place    | Note
-------+----------+-------------------------------------------
     0 | D:1      | miragecloak the Merfolk Monk began the quest for the Orb.
     0 | D:1      | Reached XP level 1. HP: 18/18 MP: 1/1
    59 | D:1      | Reached skill level 5 in Polearms
    61 | D:1      | Reached XP level 2. HP: 12/24 MP: 2/2
   560 | D:1      | Reached skill level 6 in Polearms
   560 | D:1      | Reached XP level 3. HP: 27/29 MP: 3/3
  1404 | D:2      | Found a blossoming altar of Fedhas.
  1423 | D:2      | Reached skill level 7 in Polearms
  1423 | D:2      | Reached XP level 4. HP: 14/35 MP: 4/4
  2106 | D:2      | Found a faded altar of an unknown god.
  3007 | D:3      | Reached XP level 5. HP: 17/42 MP: 5/5
  3468 | D:3      | Reached skill level 5 in Dodging
  3683 | D:4      | Noticed an ogre
  3710 | D:4      | Slain by an ogre

Skill      XL: |  1  2  3  4  5 |
---------------+----------------+-----
Polearms       | 5 6 7 |  7.4
Dodging        | 5 |  5.0
Fighting       | |  3.8
Stealth        | |  2.1

Action                   |  1- 3 |  4- 6 || total
-------------------------+-------+-------++-------
Melee: Spear             |   147 |   100 ||   247
       Rapier            |       |    55 ||    55
  Use: Potion            |     2 |       ||     2
 Stab: Sleeping          |     8 |     7 ||    15
  Eat: Chunk             |     1 |     7 ||     8
Armor: Robe              |    15 |     5 ||    20
       Leather armour    |       |     9 ||     9
Dodge: Dodged            |    71 |    87 ||   158
